Map: Backwater LE

Players

IvyMike - Winner!

  • Race: Zerg Zerg
  • League: Diamond
  • Spawn Location: 5:00

BobbyAwesome

  • Race: Protoss Protoss
  • League: Diamond
  • Spawn Location: 11:00

VOD

Have the link to the VOD?

Description

Time

  • Played on: May 6, 2018, 4:15 a.m.
  • Length: 11:16
Show
View Real Time Build Order
Export as new Build Order

IvyMike Zerg - Winner!

Build Orders: Pool First 

Get SALT Encoding   

  12  0:04  Drone  
  13  0:09  Drone  
  14  0:16  Overlord  
  14  0:35  Drone x2  
  16  0:37  Drone  
  17  0:49  Spawning Pool  
  16  0:51  Drone  
  17  1:11  Hatchery  
  17  1:16  Extractor  
  17  1:17  Drone  
  17  1:18  Drone  
  17  1:24  Drone  
  18  1:43  Zergling x4  
  18  1:44  Queen  
  22  1:53  Overlord  
  22  2:12  Drone  
  23  2:27  Drone x3  
  26  2:30  Metabolic Boost  
  26  2:33  Queen  
  26  2:35  Drone x2  
  30  2:50  Drone x2  
  31  2:59  Evolution Chamber  
  31  3:01  Roach Warren  
  31  3:02  Drone x5  
  34  3:09  Spore Crawler  
  34  3:10  Spore Crawler  
  34  3:12  Drone x2  
  34  3:17  Overlord  
  34  3:22  Overlord  
  34  3:32  Drone  
  35  3:38  Drone x2  
  37  3:52  Lair  
  37  4:01  Roach  
  37  4:02  Overlord x3  
  39  4:10  Spine Crawler  
  39  4:11  Spine Crawler  
  39  4:12  Spine Crawler  
  36  4:18  Extractor  
  36  4:19  Roach x2  
  36  4:23  Drone x3  
  36  4:24  Zergling x4  
  44  4:41  Baneling Nest  
  43  4:49  Drone x9  
  52  5:02  Zergling x2, Hatchery  
  52  5:03  Zergling x4  
  54  5:11  Roach x3  
  60  5:20  Extractor  
  59  5:22  Extractor  
  58  5:29  Baneling x2  
  58  5:30  Baneling x4  
  58  5:31  Drone x3  
  58  5:32  Drone x3  
  58  5:33  Drone  
  65  5:39  Drone  
  65  5:40  Drone x2  
  68  5:46  Overseer  
  68  5:48  Overlord  
  68  5:54  Zerg Melee Weapons Level 1  
  68  6:05  Glial Reconstitution  
  68  6:06  Queen  
  68  6:07  Zergling x2  
  68  6:08  Zergling x8  
  75  6:15  Zergling x2  
  75  6:16  Zergling x12  
  82  6:20  Zergling x2  
  82  6:25  Zergling x2  
  79  6:27  Zergling x2  
  77  6:37  Zergling x4  
  78  6:49  Zergling x2  
  78  6:50  Zergling x4  
  78  6:52  Zergling x8  
  78  6:57  Zergling x2  
  78  6:59  Ravager  
  78  7:01  Zergling x4  
  78  7:04  Zergling x2  
  78  7:08  Zergling x2  
  77  7:09  Ravager  
  77  7:11  Zergling x2  
  77  7:13  Zergling x6  
  77  7:15  Zergling x2  
  79  7:17  Queen  
  78  7:25  Zergling x2  
  78  7:26  Zergling x2  
  79  7:31  Zergling x2  
  79  7:33  Zergling x2  
  79  7:35  Zergling x2  
  73  7:37  Zergling x2  
  73  7:42  Zergling x2  
  65  7:47  Roach  
  65  7:48  Roach  
  67  7:53  Roach x7  
  81  8:00  Baneling  
  81  8:01  Baneling x12  
  81  8:04  Overlord x2  
  80  8:11  Zergling x6  
  81  8:18  Zergling x2  
  81  8:19  Zergling x4  
  80  8:21  Overlord x3  
  80  8:28  Zergling x8  
  80  8:29  Roach x2  
  80  8:30  Overlord, Hydralisk Den  
  80  8:32  Baneling x3  
  87  8:38  Hatchery  
  86  8:42  Roach x2  
  86  8:43  Roach  
  86  8:44  Zergling x4  
  94  8:52  Zergling x12  
  94  8:53  Zergling x2  
  102  8:55  Zergling x2  
  102  8:56  Zergling x2  
  102  8:59  Zergling x4  
  102  9:01  Zergling x2  
  94  9:06  Zergling x2  
  91  9:11  Zerg Missile Weapons Level 1  
  89  9:17  Zergling x6  
  89  9:18  Zergling x6  
  89  9:22  Zergling x2  
  89  9:23  Zergling x2  
  97  9:25  Zergling x2  
  98  9:49  Hydralisk x2  
  98  9:50  Hydralisk x3  
  108  9:56  Spore Crawler  
  107  10:04  Muscular Augments  
  107  10:08  Baneling  
  107  10:09  Baneling x6  
  107  10:20  Lurker Den  
  106  10:24  Drone x4  
  106  10:26  Zergling x2  
  106  10:27  Zergling x2  
  112  10:30  Zergling x2  
  112  10:31  Baneling  
Show
View Real Time Build Order
Export as new Build Order

BobbyAwesome Protoss 

Build Orders:  

Get SALT Encoding   

  12  0:01  Probe  
  13  0:14  Pylon  
  13  0:20  Assimilator  
  13  0:31  Probe  
  13  0:33  Gateway  
  14  0:40  Probe  
  15  0:50  Probe  
  16  1:02  Probe  
  17  1:14  Probe  
  18  1:20  Cybernetics Core  
  18  1:22  Zealot  
  20  1:26  Probe  
  20  1:29  Pylon  
  21  1:38  Probe  
  22  1:50  Probe  
  25  1:57  Warp Gate  
  23  2:02  Probe  
  23  2:07  Nexus  
  24  2:14  Probe  
  25  2:19  Forge  
  25  2:20  Stalker  
  25  2:33  Pylon  
  25  2:35  Pylon  
  25  2:43  Probe  
  26  2:46  Pylon  
  26  2:55  Probe  
  27  2:59  Nexus  
  27  3:06  Gateway  
  27  3:12  Probe  
  27  3:16  Protoss Ground Weapons Level 1  
  28  3:20  Probe  
  28  3:23  Zealot  
  31  3:31  Probe  
  32  3:44  Pylon  
  32  4:06  Twilight Council  
  32  4:07  Shield Battery  
  32  4:09  Probe  
  32  4:11  Gateway  
  32  4:13  Gateway  
  32  4:16  Probe  
  34  4:17  Probe  
  34  4:23  Charge  
  35  4:28  Pylon  
  35  4:29  Probe  
  36  4:32  Zealot  
  36  4:33  Zealot  
  36  4:34  Probe  
  41  4:41  Probe  
  42  4:47  Probe  
  43  4:53  Probe  
  43  4:55  Gateway  
  43  4:58  Zealot x2  
  48  5:22  Gateway  
  48  5:25  Gateway x2  
  48  5:31  Pylon  
  48  5:32  Zealot x2, Pylon  
  48  5:34  Zealot  
  54  5:48  Zealot  
  56  5:53  Pylon  
  56  5:55  Zealot x3  
  62  6:00  Zealot  
  62  6:03  Pylon  
  64  6:09  Zealot  
  46  6:26  Probe x2  
  40  6:33  Zealot x6  
  40  6:38  Probe x2  
  51  6:47  Zealot x2  
  53  6:55  Zealot x4  
  51  7:05  Zealot x2  
  45  7:17  Nexus  
  45  7:18  Zealot x3  
  45  7:20  Pylon  
  45  7:24  Zealot x3  
  51  7:30  Zealot x2  
  51  7:40  Zealot x3  
  50  7:46  Zealot x3  
  54  7:52  Protoss Ground Weapons Level 2  
  38  8:21  Zealot x7  
  38  8:25  Assimilator  
  52  8:35  Nexus  
  52  8:47  Zealot  
  54  8:55  Zealot x3  
  54  9:01  Zealot  
  34  9:09  Zealot  
  19  9:31  Sentry x3  
  25  9:53  Pylon  
  25  9:57  Sentry  
  27  10:13  Photon Cannon  
  27  10:15  Photon Cannon  
  27  10:17  Photon Cannon  
  27  10:21  Pylon  
  27  10:29  Sentry  
Tags
 
Add a new tag
Caveats
  • Supply blocks, unpowered buildings, or Contaminate may cause inaccurate times.
  • Supply counts are checked every 10 seconds.